 Dungeon Crawl Stone Soup version 0.31-a0-977-gc230f8ef24 (webtiles) character file.

Game seed: 11123616895703400238

174667 kal9871 the Warrior (level 17, 0/156 HPs)
             Began as a Demonspawn Chaos Knight on Oct 29, 2023.
             Was a Plaything of Xom.
             Slain by a +2 antimagic halberd (18 damage)
             ... while paralysed by an air elemental
             ... on level 1 of the Elven Halls.
             The game lasted 01:15:42 (38442 turns).

kal9871 the Warrior (Demonspawn Chaos Knight)      Turns: 38442, Time: 01:15:43

Health: 0/156      AC: 24    Str: 37    XL:     17   Next: 45%
Magic:  0/20       EV:  2    Int: 15    God:    Xom [.*....]
Gold:   3195       SH:  0    Dex:  9    Spells: 18/21 levels left

rFire   + + .        t - +10 dark maul {heavy}
rCold   + + +        (shield currently unavailable)
rNeg    . . .        v - +1 plate armour {rC+}
rPois   +            m - +2 hat of Somewhere Else {rC+}
rElec   .            r - +2 cloak {rC+}
rCorr   .            (gloves unavailable)
SInv    +            N - +0 pair of boots
Will    +....        X - amulet of Tymuihuq {RegenMP rPois Str+3 Slay+3} Stlth
                     f - +5 ring of evasion
HPRegen 0.46/turn    O - ring of Xom's Passing Interest {Fire rPois Str+7 Int-2}
MPRegen 0.57/turn

%: repel missiles, clarity
@: paralysed, about to teleport
A: repulsion field 3, icemail 1, condensation shield, demonic magic 1, demonic
touch 3, fangs 2, hooves 2, horns 1, see invisible, clarity, clever 1, cold
resistance 1, fire resistance 1, sense surroundings 1, poison resistance, robust
1, screaming 1, strong 2, wild magic 1
a: Renounce Religion


You were on level 1 of the Elven Halls.
You worshipped Xom.
You were a plaything of Xom.
You visited 4 branches of the dungeon, and saw 23 of its levels.
You visited the Abyss 1 time.
You also visited: Ice Cave.

You collected 4006 gold pieces.
You spent 811 gold pieces at shops.

Inventory:

Hand Weapons
 t - the +10 dark maul (weapon) {heavy}
   (You took it off a two-headed ogre on level 12 of the Dungeon)
 B - the +5 woodcutter's axe
   (You took it off an orc on level 6 of the Dungeon)
Armour
 m - the +2 hat of Somewhere Else (worn) {rC+}
   (You acquired it on level 8 of the Dungeon)

   rC+:       It protects you from cold.
 r - a +2 cloak of cold resistance (worn)
 v - a +1 plate armour of cold resistance (worn)
 N - a +0 pair of boots (worn)
Jewellery
 f - a +5 ring of evasion (left hand)
 q - a ring of resist corrosion
 E - a ring of flight
 H - an amulet of the acrobat
 I - a +6 ring of dexterity
 L - a ring of positive energy
 O - the ring of Xom's Passing Interest (right hand) {Fire rPois Str+7 Int-2}
   (You found it on level 4 of the Lair of Beasts)

   [ring of fire]

   Fire:      It enhances your fire magic.
   Str+7:     It affects your strength (+7).
   Int-2:     It affects your intelligence (-2).
   rF+:       It protects you from fire.
   rC-:       It makes you vulnerable to cold.
   rPois:     It protects you from poison
 U - a ring of positive energy
 V - a ring of protection from cold
 X - the amulet of Tymuihuq (around neck) {RegenMP rPois Str+3 Slay+3}
   (You took it off a boggart on level 15 of the Dungeon)

   [amulet of magic regeneration]

   RegenMP:   It increases your rate of magic regeneration.
   Str+3:     It affects your strength (+3).
   Slay+3:    It affects your accuracy & damage with ranged weapons and melee
   (+3).
   rPois:     It protects you from poison
 Y - a ring of willpower
Wands
 j - a wand of flame (82)
 n - a wand of polymorph (8)
 C - a wand of charming (16)
 J - a wand of digging (4)
 M - a wand of quicksilver (3)
 T - a wand of iceblast (7)
Scrolls
 b - a scroll of enchant weapon {unknown}
 c - 3 scrolls of revelation
 d - 3 scrolls of torment
 e - 4 scrolls of poison
 g - a scroll of silence
 h - 3 scrolls of immolation
 i - 7 scrolls of teleportation
 k - 3 scrolls of enchant armour
 l - 3 scrolls of vulnerability
 o - 2 scrolls of blinking
 s - 6 scrolls of noise
 w - 5 scrolls of fear
 y - 2 scrolls of fog
 Q - 2 scrolls of amnesia
 R - a scroll of butterflies
 S - 5 scrolls of identify
Potions
 a - a potion of brilliance
 p - 2 potions of ambrosia
 x - 6 potions of curing
 z - 2 potions of resistance
 A - 2 potions of attraction
 D - 6 potions of heal wounds
 F - a potion of enlightenment
 G - 2 potions of lignification
 K - 4 potions of might
 P - a potion of cancellation
 W - a potion of magic
 Z - a potion of haste


   Skills:
 - Level 15.0 Fighting
 - Level 9.6(13.2) Axes
 * Level 13.3(14.5) Maces & Flails
 - Level 5.5(8.3) Polearms
 - Level 13.1 Armour
 - Level 8.5 Dodging
 - Level 0.8 Stealth
 - Level 3.4 Shields
 - Level 2.6 Spellcasting
 - Level 10.7 Necromancy
 - Level 3.0 Evocations


You had 18 spell levels left.
You knew the following spells:

 Your Spells              Type           Power      Damage    Failure   Level
a - Vampiric Draining     Necr           44%        2d9       5%          3

Your spell library contained the following spells:

 Spells                   Type           Power      Damage    Failure   Level
 Necrotise                Necr           100%       1d9       2%          1
 Sublimation of Blood     Necr           44%        N/A       3%          2
 Kiss of Death            Conj/Necr      92%        2d12      14%         1
 Animate Dead             Necr           44%        N/A       16%         4
 Dispel Undead            Necr           44%        3d17      16%         4
 Agony                    Necr           44%        N/A       38%         5
 Magic Dart               Conj           8%         1d3       75%         1
 Shock                    Conj/Air       8%         1d3       75%         1
 Call Imp                 Summ           4%         N/A       86%         2
 Poisonous Vapours        Pois/Air       4%         N/A       86%         2
 Call Canine Familiar     Summ           2%         N/A       97%         3
 Confusing Touch          Hex            2%         N/A       97%         3
 Dazzling Flash           Conj/Hex       4%         N/A       97%         3
 Hailstorm                Conj/Ice       2%         3d3       97%         3
 Mephitic Cloud           Conj/Pois/Air  2%         N/A       97%         3
 Ozocubu's Armour         Ice            2%         N/A       97%         3
 Sigil of Binding         Hex            2%         N/A       97%         3
 Swiftness                Air            2%         N/A       97%         3
 Airstrike                Air            1%         2d(1-17)  100%        4
 Brom's Barrelling Bould  Conj/Erth      2%         2d3       100%        4
 Dimensional Bullseye     Hex/Tloc       1%         N/A       100%        4
 Leda's Liquefaction      Hex/Erth       1%         N/A       100%        4
 Summon Ice Beast         Ice/Summ       2%         N/A       100%        4
 Fireball                 Conj/Fire      1%         3d3       100%        5
 Freezing Cloud           Conj/Ice/Air   1%         6-21      100%        5
 Iskenderun's Battlesphe  Conj           2%         2d6       100%        5
 Metabolic Englaciation   Hex/Ice        1%         N/A       100%        5
 Silence                  Hex/Air        1%         N/A       100%        5
 Conjure Ball Lightning   Conj/Air       1%         3x3d6     100%        6
 Simulacrum               Ice/Necr       11%        N/A       100%        6
 Orb of Destruction       Conj           1%         9d5       100%        7
 Ozocubu's Refrigeration  Ice            1%         4d7       100%        7
 Borgnjor's Revivificati  Necr           22%        N/A       100%        8


Dungeon Overview and Level Annotations

Branches:
Dungeon (15/15)            Temple (0/1) D:5            Lair (5/5) D:8
 Shoals (0/4) Lair:3        Snake (0/4) Lair:3        Slime (0/5) Lair:5
    Orc (2/2) D:10            Elf (1/3) Orc:2        Vaults (0/5) D:13
 Depths (0/4) D:15          IceCv (visited)

Altars:
Ashenzari
Kikubaaqudgha
Okawaru
Qazlal
Trog
Xom

Shops:
Orc:2 [*=(

Annotations:
Orc:1 2 transporters, Conn's ghost, journeyman OpFE


Innate Abilities, Weirdness & Mutations

You are surrounded by a strong repulsion field. (EV +4, RMsl)
A meltable icy envelope protects you from harm. (AC +0)
A meltable shield of frost defends you. (SH +0)
Spells you cast may paralyse adjacent enemies.
Your touch may irresistibly damage your foes and sap their willpower.
You have extremely sharp teeth.
You have hoof-like feet.
You have a pair of small horns on your head.
You have supernaturally acute eyesight. (SInv)
You possess an exceptional clarity of mind.
Your mind is acute. (Int +4, Str/Dex -1)
Your flesh is cold resistant. (rC+)
Your flesh is heat resistant. (rF+)
You passively map a small area around you.
Your system is resistant to poisons. (rPois)
You are robust. (+10% HP)
You occasionally shout uncontrollably at your foes.
Your muscles are very strong. (Str +8, Int/Dex -2)
Your spells are a little harder to cast, but a little more powerful.


Message History

The stunning burst hits the +2 antimagic halberd.
The +2 antimagic halberd completely resists.
The stunning burst hits you.
You suddenly lose the ability to move!
The air elemental fires a burst of electricity at you.
The stunning burst hits the +2 antimagic halberd.
The +2 antimagic halberd completely resists.
The stunning burst hits you but does no damage.
The +2 antimagic halberd hits you but does no damage.
You can move again.
The +2 antimagic halberd attacks as it pursues you!
The +2 antimagic halberd hits you from afar.
You feel your power leaking away.
The +2 antimagic halberd attacks as it pursues you!
The +2 antimagic halberd hits you from afar!
You feel your power leaking away.
The air elemental fires a burst of electricity at you.
The stunning burst hits the +2 antimagic halberd.
The +2 antimagic halberd completely resists.
The stunning burst misses you.
The +2 antimagic halberd hits you from afar.
You feel your power leaking away.
The air elemental attacks as it pursues you!
The air elemental misses you.
The +2 antimagic halberd attacks as it pursues you!
The +2 antimagic halberd hits you from afar!
* * * LOW HITPOINT WARNING * * *
You feel your power leaking away. The air elemental barely misses you.
As you read the scroll of teleportation, it crumbles to dust.
You feel strangely unstable.
The air elemental hits you but does no damage.
The +2 antimagic halberd hits you from afar!!
* * * LOW HITPOINT WARNING * * *
The air elemental fires a burst of electricity at you.
The stunning burst hits you.
You suddenly lose the ability to move!
* * * LOW HITPOINT WARNING * * *
The air elemental hits you but does no damage.
The +2 antimagic halberd hits you from afar!!
You die...
Xom cackles wildly!

##.#.....## ##........ ,
##..[......# #.##..(.. .
#..........# #.####.## ..,, ,
#.........# ##+## #### ...
##.#)..######...## ,.... *
#####...# ##.....## .....°,
#...#...####.......##
.....)####.........#.........###
......)..e...(E@...'.........+..
.....#####...(..##.#..=......###
*.#.#e#...........#)##.......##
#.#.#...........#.###.....##
#..#.#...........#.# ##...##
#.##.#####...#.###.# ##'## # #.
#...#.###.# #.# , #. #...#..!..#
###.###### * #...###.###
#........#


You could see a deep elf knight (invisible), an air elemental and 2 dancing
weapons.

Vanquished Creatures
  An acid blob (Lair:5)
  Frances (D:14)
  The ghost of Zigma the Brawler, a journeyman DrSh of Yredelemnul (D:15)
  An orc warlord (Orc:1)
  A dire elephant (Lair:3)
  The ghost of MacCMillion the Fighter, a journeyman OpSh of Gozag (Lair:4)
  8 vault guards (D:13)
  A rakshasa (D:15)
  7 hydras
  2 centaur warriors
  An ogre mage (D:15)
  A tengu warrior (D:15)
  4 boulder beetles
  6 death yaks
  4 catoblepae
  8 two-headed ogres
  5 dancing weapons
  An orc high priest (Elf:1)
  An occultist (D:15)
  5 deep elf knights
  A skyshark (Lair:2)
  7 skeletal warriors
  A slime creature (D:15)
  A glowing orange brain (shapeshifter) (D:8)
  3 lindwurms
  4 deep elf archers
  6 orc knights
  6 deep elf pyromancers
  2 necromancers
  6 deep elf zephyrmancers
  11 ugly things
  A salamander (shapeshifter) (D:8)
  2 orc sorcerers
  4 cyclopes
  3 elephants (Lair:2)
  6 manticores
  6 black mambas
  A moth of wrath (shapeshifter) (D:15)
  A merfolk siren (Lair:3)
  An ice statue (IceCv)
  A water nymph (shapeshifter) (D:12)
  15 cane toads
  A large abomination (D:15)
  An orange demon (Lair:2)
  5 rime drakes
  3 gargoyles
  A centaur skeleton (D:15)
  2 kobold demonologists
  3 freezing wraiths (IceCv)
  An efreet (D:15)
  2 anaconda simulacra (IceCv)
  10 komodo dragons
  A harpy zombie (D:15)
  12 ice devils (IceCv)
  A tengu conjurer (D:15)
  3 merfolk (Lair:3)
  5 trolls
  A hydra zombie (D:15)
  2 hornets
  3 meliai
  7 polar bears
  Grinder (D:6)
  Prince Ribbit (D:6)
  6 blink frogs
  16 dream sheep
  3 air elementals (Elf:1)
  2 meliai zombies (D:15)
  3 centaur simulacra
  3 spriggans (D:15)
  A shadow (D:10)
  2 dire elephant simulacra (IceCv)
  87 yaks
  2 wraiths
  2 water elementals (Elf:1)
  4 wyverns
  A human (Lair:4)
  Eustachio (D:4)
  8 basilisks
  4 death yak simulacra
  3 fire elementals
  A hog (Lair:5)
  Menkaure (D:5)
  2 wargs (D:8)
  A harpy simulacrum (IceCv)
  5 hydra simulacra
  3 acid dragons
  11 water moccasins
  2 swamp drakes
  33 orc warriors
  2 meliai simulacra
  A sky beast (D:7)
  A black bear (D:15)
  4 ice beasts
  An elephant zombie (D:15)
  A small abomination (D:15)
  4 boggarts (D:15)
  5 ogres
  27 wolves
  4 centaurs
  A phantom (D:6)
  A kobold brigand (D:6)
  6 bullfrogs
  4 scorpions
  3 gnoll sergeants
  4 cane toad simulacra (IceCv)
  3 wights
  3 killer bees (D:10)
  2 spriggan zombies (D:15)
  2 dream sheep simulacra (Lair:4)
  A blink frog simulacrum (Lair:4)
  5 elephant simulacra (IceCv)
  4 wolf zombies (D:15)
  5 electric eels (Lair:2)
  7 howler monkeys
  A crimson imp (Orc:1)
  A centaur zombie (D:15)
  A jelly (D:7)
  A komodo dragon simulacrum (Lair:4)
  29 orc priests
  2 gnoll boudas (D:6)
  3 hounds
  2 iguanas
  An iron imp (Orc:1)
  6 sleepcaps
  38 orc wizards
  2 spriggan simulacra (IceCv)
  2 troll simulacra (IceCv)
  5 wolf simulacra (IceCv)
  2 killer bee zombies (D:15)
  3 polar bear simulacra (IceCv)
  8 gnolls
  13 adders
  4 shadow imps
  5 white imps
  3 ufetubi
  5 worms
  A dart slug (D:2)
  119 orcs
  2 bats (D:2)
  3 endoplasms
  4 giant cockroaches
  5 hobgoblins
  6 jackals
  4 quokkas
  9 ball pythons
  4 frilled lizards
  8 goblins
  14 kobolds
  5 rats
844 creatures vanquished.

Vanquished Creatures (collateral kills)
  A boulder beetle (D:11)
  An orc high priest (Orc:2)
  Sonja (D:11)
  Amaemon (Lair:2)
  A skeletal warrior (D:12)
  An orc knight (Orc:1)
  An orc sorcerer (Orc:2)
  An elephant (Lair:2)
  2 vampire mosquitoes (D:11)
  A basilisk (D:14)
  An orc warrior (Orc:2)
  A wolf (D:13)
  A gnoll sergeant (D:6)
  An adder (D:4)
  An orc (D:6)
16 creatures vanquished.

Vanquished Creatures (others)
  A rakshasa (D:15)
  2 dancing weapons
  2 deep elf pyromancers (Elf:1)
  A water elemental (Elf:1)
  A warg (D:8)
  An ice beast (D:8)
  A gnoll sergeant (D:6)
  3 orc wizards
  A gnoll (D:6)
  4 orcs
17 creatures vanquished.

Grand Total: 877 creatures vanquished

Notes
Turn   | Place    | Note
-------+----------+-------------------------------------------
     0 | D:1      | kal9871 the Demonspawn Chaos Knight began the quest for the
                  | Orb.
     0 | D:1      | Reached XP level 1. HP: 18/18 MP: 1/1
    98 | D:1      | You fall into a shaft and drop 1 floor!
   117 | D:2      | XOM: divination: magic mapping
   132 | D:2      | XOM: draining
   233 | D:2      | Gained mutation: Your touch may inflict minor irresistible
                  | damage on your foes. [demonic ancestry]
   233 | D:2      | Reached XP level 2. HP: 19/20 MP: 2/2
   371 | D:2      | Gained mutation: A meltable shield of frost defends you.
                  | (SH +0) [demonic ancestry]
   371 | D:2      | Reached XP level 3. HP: 26/29 MP: 3/3
   452 | D:2      | XOM: 2-stop teleportation journey
   757 | D:2      | Reached skill level 1 in Dodging
   949 | D:2      | Reached XP level 4. HP: 27/35 MP: 4/4
  1309 | D:1      | a bat changed into a shapeshifter
  1309 | D:1      | Noticed a shapeshifter (shapeshifter)
  1309 | D:1      | XOM: polymorph bat -> shapeshifter
  1310 | D:1      | a shapeshifter changed into a yak
  1310 | D:1      | Noticed a yak (shapeshifter)
  1319 | D:1      | a yak changed into a basilisk
  1319 | D:1      | Noticed a basilisk (shapeshifter)
  1403 | D:3      | Found a stormy altar of Qazlal.
  1856 | D:4      | Noticed a scorpion
  1866 | D:4      | XOM: smoke on damage
  1867 | D:4      | Killed a scorpion
  1868 | D:4      | Gained mutation: Your touch may inflict irresistible damage
                  | on your foes. [demonic ancestry]
  1868 | D:4      | Reached XP level 5. HP: 28/41 MP: 5/5
  2094 | D:4      | Gained mutation: Spells you cast may paralyse adjacent
                  | enemies. [demonic ancestry]
  2094 | D:4      | Reached XP level 6. HP: 48/48 MP: 6/6
  2171 | D:4      | Reached skill level 1 in Shields
  2188 | D:4      | Noticed Eustachio
  2199 | D:4      | XOM: scenery: summon butterflies
  2336 | D:4      | Reached skill level 5 in Polearms
  2410 | D:5      | Entered Level 5 of the Dungeon
  2470 | D:5      | XOM: summons 4 hostile demons
  2490 | D:4      | Killed Eustachio
  2912 | D:4      | Reached XP level 7. HP: 53/53 MP: 7/7
  2982 | D:4      | XOM: give mutation
  2982 | D:4      | Gained mutation: You have a pair of small horns on your
                  | head. [Xom's mischief]
  3032 | D:5      | Found a staircase to the Ecumenical Temple.
  3194 | D:5      | XOM: 1-stop teleportation journey
  3259 | D:5      | XOM: scenery: 1 doors open, 1 doors close
  3259 | D:5      | Noticed Edmund
  3262 | D:5      | XOM: cleaving
  3282 | D:4      | XOM: smoke on damage
  3287 | D:4      | XOM: enchant monster (good)
  3306 | D:4      | Edmund changed into Edmund the wolf
  3306 | D:4      | Noticed Edmund
  3306 | D:4      | XOM: polymorph Edmund -> Edmund the wolf
  3312 | D:4      | Killed Edmund the wolf
  3313 | D:4      | Reached skill level 4 in Fighting
  3408 | D:4      | XOM: cloud trail
  3489 | D:4      | XOM: cloud trail
  3512 | D:5      | XOM: divination: magic mapping
  3536 | D:5      | Reached skill level 1 in Axes
  3569 | D:5      | Noticed Menkaure
  3665 | D:5      | Killed Menkaure
  3666 | D:5      | Reached XP level 8. HP: 60/60 MP: 8/8
  3991 | D:6      | Reached skill level 5 in Armour
  3992 | D:6      | XOM: noise
  3994 | D:6      | XOM: divination: detect creatures
  4380 | D:5      | XOM: enchant monster (bad)
  4725 | D:6      | Noticed Prince Ribbit
  4729 | D:6      | XOM: silly message
  4745 | D:6      | Killed Prince Ribbit
  5116 | D:6      | XOM: silly message
  5273 | D:6      | Noticed Grinder
  5275 | D:6      | Paralysed by Grinder for 2 turns
  5282 | D:6      | Paralysed by Grinder for 5 turns
  5288 | D:6      | XOM: silly message
  5290 | D:6      | Killed Grinder
  5291 | D:6      | Reached XP level 9. HP: 58/66 MP: 9/9
  5381 | D:6      | XOM: divination: detect creatures
  5722 | D:6      | XOM: potion effect (attraction)
  5919 | D:6      | Reached skill level 1 in Evocations
  5922 | D:6      | Reached skill level 5 in Axes
  5928 | D:6      | XOM: divination: magic mapping
  5979 | D:6      | XOM: silly message
  6273 | D:6      | XOM: cloud trail
  6352 | D:6      | Identified the +3 hand axe of the Fox {heavy, rPois Will-
                  | Int+4}
  6576 | D:6      | XOM: god gift: 26 gold pieces
  6780 | D:7      | XOM: 1-stop teleportation journey
  6838 | D:7      | XOM: 1-stop teleportation journey
  7176 | D:7      | XOM: give mutations
  7176 | D:7      | Gained mutation: You expend magic power (3 MP) to
                  | strengthen your wands. [Xom's mischief]
  7176 | D:7      | Lost mutation: You expend magic power (3 MP) to strengthen
                  | your wands. [Xom's mischief]
  7176 | D:7      | Gained mutation: You are resistant to electric shocks.
                  | (rElec) [Xom's mischief]
  7211 | D:7      | XOM: give mutations
  7211 | D:7      | Gained mutation: You sometimes lose your temper in combat.
                  | [Xom's mischief]
  7211 | D:7      | Gained mutation: Your body sometimes deteriorates upon
                  | taking damage. [Xom's mischief]
  7452 | D:7      | XOM: 1-stop teleportation journey
  7892 | D:7      | XOM: torment (35/67 hp)
  8091 | D:8      | Found a staircase to the Lair.
  8096 | D:8      | Reached skill level 5 in Fighting
  8097 | D:8      | XOM: divine lightning
  8109 | D:8      | Identified a scroll of acquirement
  8110 | D:8      | Acquired the +2 hat of Somewhere Else {rC+}
  8173 | D:8      | XOM: draining
  8623 | D:8      | XOM: blink monster(s)
  8628 | D:8      | XOM: polymorph bullfrog -> shapeshifter
  8632 | D:8      | a culicivora changed into a moth of wrath
  8632 | D:8      | Noticed a moth of wrath (shapeshifter)
  8633 | D:8      | a moth of wrath changed into a shapeshifter
  8633 | D:8      | a shapeshifter changed into a salamander
  8633 | D:8      | Noticed a salamander (shapeshifter)
  8639 | D:8      | Killed a salamander
  8742 | D:8      | a yak changed into a glowing shapeshifter
  8742 | D:8      | Noticed a glowing shapeshifter (glowing shapeshifter)
  8742 | D:8      | XOM: polymorph yak -> glowing shapeshifter
  8742 | D:8      | a glowing shapeshifter changed into a mana viper
  8742 | D:8      | Noticed a mana viper (glowing shapeshifter)
  8743 | D:8      | a mana viper changed into a glowing orange brain
  8743 | D:8      | Noticed a glowing orange brain (glowing shapeshifter)
  8747 | D:8      | XOM: snakes to sticks
  8748 | D:8      | Killed a glowing orange brain
  8749 | D:8      | Gained mutation: You are surrounded by a mild repulsion
                  | field. (EV +2) [demonic ancestry]
  8749 | D:8      | Reached XP level 10. HP: 62/74 MP: 10/10
  8750 | D:8      | XOM: summons 2 friendly demons
  8841 | D:8      | Found an iron altar of Okawaru.
  8843 | D:8      | Found a broken altar of Ashenzari.
  9091 | D:8      | XOM: 3-stop teleportation journey
  9096 | D:8      | Learned a level 3 spell: Vampiric Draining
  9163 | D:8      | XOM: draining
  9395 | D:9      | XOM: stealth player
  9655 | D:9      | XOM: enchant monster (bad)
  9661 | D:9      | Reached skill level 1 in Necromancy
  9663 | D:9      | XOM: confusion
  9676 | D:9      | Reached skill level 1 in Spellcasting
 10117 | D:9      | XOM: summons 1 hostile demon
 10243 | D:9      | XOM: polymorph orc -> hound
 10336 | D:9      | Reached skill level 5 in Dodging
 10366 | D:9      | XOM: summons 3 hostile shadow creatures
 10692 | D:9      | XOM: scenery: 1 doors open
 10693 | D:9      | XOM: chaos cloud
 10695 | D:9      | XOM: blink monster(s)
 10721 | D:9      | XOM: silly message
 10912 | D:9      | XOM: give mutations
 10912 | D:9      | Gained mutation: Your muscles are strong. (Str +4, Int/Dex
                  | -1) [Xom's grace]
 10912 | D:9      | Gained mutation: You have sharp toenails. [Xom's grace]
 11108 | D:9      | XOM: divination: magic mapping
 11151 | D:10     | Entered Level 10 of the Dungeon
 11160 | D:10     | Noticed a gargoyle
 11167 | D:10     | XOM: silly message
 11173 | D:10     | Killed a gargoyle
 11486 | D:10     | Found a staircase to the Orcish Mines.
 11511 | D:10     | Gained mutation: You are surrounded by a moderate repulsion
                  | field. (EV +3) [demonic ancestry]
 11511 | D:10     | Reached XP level 11. HP: 68/81 MP: 14/14
 11809 | D:10     | XOM: potion effect (invisibility)
 12084 | D:10     | Identified the +11 rapier of the Shrike {freeze, rPois
                  | Will+ Dex+3}
 12735 | IceCv    | Identified the "Pecon"
 12735 | Lair:1   | Identified the "Xieciuz"
 12735 | Orc:1    | Entered Level 1 of the Orcish Mines
 12759 | Orc:1    | Reached skill level 6 in Fighting
 12853 | Orc:1    | XOM: divination: detect items
 12922 | Orc:1    | XOM: potion effect (brilliance)
 12994 | Orc:1    | Noticed an orc knight
 13070 | Orc:1    | XOM: silly message
 13090 | Orc:1    | Killed an orc knight
 13226 | Orc:1    | Noticed an orc knight
 13234 | Orc:1    | XOM: silly message
 13242 | Orc:1    | XOM: cloud trail
 13259 | Orc:1    | XOM: divination: detect items
 13260 | Orc:1    | XOM: silly message
 13287 | Orc:1    | XOM: scenery: summon butterflies
 13388 | Orc:1    | XOM: summons 4 hostile shadow creatures
 13389 | Orc:1    | Noticed a two-headed ogre
 13557 | Orc:1    | XOM: summons 1 hostile demon
 13604 | Orc:1    | Found a transporter.
 13605 | Orc:1    | Noticed an orc knight
 13610 | Orc:1    | Found a transporter.
 13614 | Orc:1    | Noticed a two-headed ogre
 13615 | Orc:1    | Noticed Conn's ghost (journeyman OpFE)
 13617 | Orc:1    | Noticed a two-headed ogre
 13619 | Orc:1    | Found a bloodstained altar of Trog.
 13625 | Orc:1    | Noticed a stone giant
 13719 | Orc:1    | XOM: give mutations
 13719 | Orc:1    | Gained mutation: Your spells are a little harder to cast,
                  | but a little more powerful. [Xom's mischief]
 13719 | Orc:1    | Lost mutation: You sometimes lose your temper in combat.
                  | [Xom's mischief]
 13719 | Orc:1    | Lost mutation: Your body sometimes deteriorates upon taking
                  | damage. [Xom's mischief]
 13858 | Orc:1    | XOM: swap monsters
 13934 | Orc:1    | Killed an orc knight
 14001 | Orc:2    | Entered Level 2 of the Orcish Mines
 14216 | Orc:2    | Found a staircase to the Elven Halls.
 14311 | Orc:2    | Noticed an orc sorcerer
 14311 | Orc:2    | Noticed an orc high priest
 14335 | Orc:2    | XOM: enchant monster (good)
 14336 | Orc:2    | XOM: scenery: summon butterflies
 14534 | Orc:1    | Killed an orc sorcerer
 14632 | Orc:1    | XOM: god gift: flail {god gift}
 14704 | Orc:2    | Noticed a sixfirhy
 14704 | Orc:2    | Killed an orc high priest
 14722 | Orc:2    | Noticed an orc knight
 14728 | Orc:2    | Noticed an orc sorcerer
 14730 | Orc:2    | XOM: summons 3 friendly demons
 14731 | Orc:2    | Killed an orc knight
 14732 | Orc:2    | XOM: summons friendly shadow imp
 14739 | Orc:2    | Killed an orc sorcerer
 14740 | Orc:2    | Reached skill level 7 in Fighting
 15103 | Orc:2    | Reached skill level 10 in Armour
 15118 | Orc:2    | Noticed an orc knight
 15139 | Orc:2    | Killed an orc knight
 15148 | Orc:2    | XOM: god gift: dagger {god gift}
 15166 | Orc:2    | XOM: enchant monster (good)
 15260 | Orc:2    | XOM: god gift: leather armour {god gift}
 15264 | Orc:2    | Noticed an orc warlord
 15283 | Orc:2    | XOM: destruction
 15284 | Orc:2    | XOM: scenery: summon butterflies
 15637 | D:11     | Noticed a boulder beetle
 15645 | D:11     | Killed a boulder beetle
 15646 | D:11     | Reached XP level 12. HP: 69/92 MP: 15/15
 15709 | D:11     | XOM: scenery: create altars
 15723 | D:11     | Noticed Sonja
 15725 | D:11     | Found a frozen archway.
 15736 | Abyss:1  | Cast into level 1 of the Abyss (Sonja)
 15736 | D:11     | Escaped the Abyss
 15736 | D:11     | XOM: revert banishment
 15744 | D:11     | Killed Sonja
 15833 | IceCv    | Entered an ice cave
 16281 | IceCv    | Reached skill level 8 in Fighting
 16580 | IceCv    | XOM: cleaving
 16584 | IceCv    | XOM: god gift: 45 gold pieces
 16590 | IceCv    | XOM: summons friendly shadow imp
 16958 | IceCv    | XOM: fog
 17186 | IceCv    | Found an ancient bone altar of Kikubaaqudgha.
 17201 | IceCv    | XOM: confuse monster(s)
 17214 | IceCv    | XOM: fake destruction
 17221 | IceCv    | XOM: divination: detect items
 17226 | IceCv    | XOM: 1-stop teleportation journey
 17374 | IceCv    | XOM: scenery: summon butterflies
 17383 | IceCv    | Reached skill level 9 in Fighting
 17428 | IceCv    | XOM: cleaving
 17471 | IceCv    | Reached skill level 5 in Necromancy
 17632 | IceCv    | XOM: 1-stop teleportation journey
 17688 | IceCv    | XOM: confuse monster(s)
 17715 | IceCv    | XOM: noise
 17717 | IceCv    | XOM: cast spell 'Olgreb's Toxic Radiance'
 17720 | IceCv    | XOM: summons friendly shadow imp
 18404 | D:11     | Reached skill level 10 in Fighting
 18441 | D:11     | XOM: give mutations
 18441 | D:11     | Gained mutation: You passively map a small area around you.
                  | [Xom's mischief]
 18441 | D:11     | Lost mutation: You have sharp toenails. [Xom's mischief]
 18441 | D:11     | Gained mutation: You are occasionally teleported next to
                  | monsters. [Xom's mischief]
 18441 | D:11     | Gained mutation: Your muscles are very strong. (Str +8,
                  | Int/Dex -2) [Xom's mischief]
 18685 | D:11     | XOM: cloud trail
 18799 | D:11     | XOM: divination: detect creatures
 19122 | Lair:1   | Entered Level 1 of the Lair of Beasts
 19140 | Lair:1   | XOM: 1-stop teleportation journey
 19216 | Lair:1   | XOM: divination: magic mapping
 19293 | Lair:1   | XOM: summons friendly ufetubus
 19337 | Lair:1   | XOM: fake destruction
 19531 | Lair:1   | Gained mutation: Your touch may irresistibly damage your
                  | foes and sap their willpower. [demonic ancestry]
 19531 | Lair:1   | Reached XP level 13. HP: 104/104 MP: 16/16
 19733 | Lair:1   | XOM: silly message
 19736 | Lair:1   | Reached skill level 11 in Fighting
 19873 | Lair:1   | XOM: confuse monster(s)
 19874 | Lair:1   | XOM: noise
 19916 | Lair:1   | XOM: 3-stop teleportation journey
 19972 | Lair:1   | You fall into a shaft and drop 1 floor!
 19975 | Lair:2   | Noticed Amaemon
 19999 | Lair:2   | XOM: enchant monster (good)
 20002 | Lair:2   | XOM: cast spell 'Disjunction'
 20009 | Lair:2   | XOM: confuse monster(s)
 20012 | Lair:2   | XOM: cast spell 'Summon Cactus Giant'
 20017 | Lair:2   | XOM: swap monsters
 20026 | Lair:2   | Killed Amaemon
 20171 | Lair:2   | XOM: enchant monster (bad)
 20323 | Lair:2   | XOM: give mutation
 20323 | Lair:2   | Gained mutation: You have very sharp teeth. [Xom's
                  | mischief]
 20363 | Lair:2   | Reached skill level 12 in Fighting
 20412 | Lair:2   | XOM: god gift: 6 curare-tipped darts
 20455 | Lair:2   | XOM: god gift: 36 gold pieces
 20660 | Lair:2   | XOM: 8-stop teleportation journey
 20712 | Lair:2   | XOM: give mutations
 20712 | Lair:2   | Gained mutation: You occasionally lose the ability to drink
                  | potions when taking damage. [Xom's mischief]
 20712 | Lair:2   | Lost mutation: You are resistant to electric shocks.
                  | (rElec) [Xom's mischief]
 20712 | Lair:2   | Gained mutation: You expend magic power (3 MP) to
                  | strengthen your wands. [Xom's mischief]
 21056 | Lair:3   | Found a staircase to the Shoals.
 21349 | Lair:3   | Found a staircase to the Snake Pit.
 21461 | Lair:3   | Reached skill level 13 in Fighting
 21580 | Lair:3   | XOM: snakes to sticks
 21781 | Lair:3   | XOM: enchant monster (bad)
 22462 | Lair:3   | XOM: summons 4 hostile shadow creatures
 22496 | Lair:3   | XOM: silly message
 22872 | Lair:1   | XOM: swap monsters
 23029 | Orc:1    | Killed an orc warlord
 23046 | Orc:1    | XOM: 2-stop teleportation journey
 23252 | Orc:1    | Acquired 743 gold pieces
 23300 | Orc:1    | XOM: give mutations
 23300 | Orc:1    | Lost mutation: You expend magic power (3 MP) to strengthen
                  | your wands. [Xom's mischief]
 23300 | Orc:1    | Gained mutation: You are frail. (-10% HP) [Xom's mischief]
 23300 | Orc:1    | Gained mutation: Your mind is acute. (Int +4, Str/Dex -1)
                  | [Xom's mischief]
 23332 | Orc:1    | XOM: summons 2 hostile demons
 23418 | Orc:1    | XOM: give mutations
 23418 | Orc:1    | Lost mutation: You have a pair of small horns on your head.
                  | [Xom's mischief]
 23418 | Orc:1    | Gained mutation: You have a pair of small horns on your
                  | head. [Xom's mischief]
 23418 | Orc:1    | Lost mutation: You are occasionally teleported next to
                  | monsters. [Xom's mischief]
 23481 | Orc:1    | Gained mutation: A meltable icy envelope protects you from
                  | harm. (AC +0) [demonic ancestry]
 23481 | Orc:1    | Reached XP level 14. HP: 68/104 MP: 17/17
 23565 | Orc:1    | XOM: scenery: 3 doors close
 23591 | Orc:1    | XOM: cloud trail
 23898 | Orc:2    | XOM: divination: detect creatures
 23936 | Orc:2    | XOM: give mutations
 23936 | Orc:2    | Gained mutation: You have sharp toenails. [Xom's grace]
 23936 | Orc:2    | Gained mutation: You possess an exceptional clarity of
                  | mind. [Xom's grace]
 23936 | Orc:2    | Gained mutation: You have supernaturally acute eyesight.
                  | (SInv) [Xom's grace]
 23936 | Orc:2    | Gained mutation: Your spells are harder to cast, but more
                  | powerful. [Xom's grace]
 24116 | Orc:2    | XOM: give mutations
 24116 | Orc:2    | Lost mutation: You have sharp toenails. [Xom's mischief]
 24116 | Orc:2    | Lost mutation: You passively map a small area around you.
                  | [Xom's mischief]
 24116 | Orc:2    | Lost mutation: You have supernaturally acute eyesight.
                  | (SInv) [Xom's mischief]
 24223 | Orc:2    | XOM: enchant monster (bad)
 24276 | Orc:2    | XOM: noise
 24304 | Orc:2    | Found Tizutehin's Antique Armour Shoppe.
 24430 | Orc:2    | Bought a glowing scarf for 216 gold pieces
 24540 | Orc:2    | XOM: noise
 24662 | Orc:1    | XOM: scenery: summon butterflies
 24921 | Orc:2    | XOM: noise
 24923 | Orc:2    | Found Rezah's Antique Weapon Shoppe.
 24939 | Orc:2    | Found Ebytwin's Jewellery Shoppe.
 24954 | Orc:2    | Found Asetitz's General Store.
 24962 | Orc:2    | Bought a potion of curing for 39 gold pieces
 24962 | Orc:2    | Bought a potion of curing for 39 gold pieces
 24962 | Orc:2    | Bought a scroll of revelation for 97 gold pieces
 25153 | Orc:2    | Bought an amulet of the acrobat for 420 gold pieces
 25452 | Lair:3   | XOM: enchant monster (good)
 25489 | Lair:3   | XOM: summons friendly crimson imp
 25495 | Lair:3   | XOM: summons 3 friendly demons
 25501 | Lair:3   | XOM: polymorph catoblepas -> dire elephant
 25972 | Lair:4   | Reached skill level 14 in Fighting
 26060 | Lair:4   | XOM: divination: detect items
 26074 | Lair:4   | XOM: summons 1 hostile shadow creature
 26148 | Lair:4   | Found a runed translucent gate.
 26148 | Lair:4   | Found a runed translucent gate.
 26148 | Lair:4   | Found a runed translucent gate.
 26488 | Lair:4   | XOM: stat loss: -1 Int (15/16)
 26513 | Lair:4   | XOM: smoke on damage
 26606 | Lair:4   | Noticed MacCMillion's ghost (journeyman OpSh)
 26636 | Lair:4   | XOM: polymorph rime drake -> human
 26637 | Lair:4   | XOM: scenery: summon butterflies
 26648 | Lair:4   | Killed MacCMillion's ghost
 26704 | Lair:4   | Got the ring of Xom's Passing Interest {Fire rPois Str+7
                  | Int-2}
 27243 | Lair:4   | XOM is BORED!
 27243 | Lair:4   | XOM: give mutations
 27243 | Lair:4   | Lost mutation: You occasionally lose the ability to drink
                  | potions when taking damage. [Xom's mischief]
 27243 | Lair:4   | Gained mutation: You occasionally shout uncontrollably at
                  | your foes. [Xom's mischief]
 27243 | Lair:4   | Lost mutation: Your spells are harder to cast, but more
                  | powerful. [Xom's mischief]
 27243 | Lair:4   | Lost mutation: Your muscles are very strong. (Str +8,
                  | Int/Dex -2) [Xom's mischief]
 27410 | Lair:4   | XOM: summons 2 hostile shadow creatures
 27510 | Lair:5   | Entered Level 5 of the Lair of Beasts
 27527 | Lair:5   | XOM: scenery: create altars
 27542 | Lair:5   | XOM: polymorph water moccasin -> hog
 27672 | Lair:5   | XOM: enchant monster (bad)
 28129 | D:11     | XOM: chaos cloud
 28243 | D:12     | XOM: torment (34/108 hp)
 28334 | D:12     | XOM: give mutations
 28334 | D:12     | Lost mutation: Your muscles are strong. (Str +4, Int/Dex
                  | -1) [Xom's mischief]
 28334 | D:12     | Lost mutation: You possess an exceptional clarity of mind.
                  | [Xom's mischief]
 28334 | D:12     | Lost mutation: You have a pair of small horns on your head.
                  | [Xom's mischief]
 28334 | D:12     | Gained mutation: You have extremely sharp teeth. [Xom's
                  | mischief]
 28335 | D:12     | Lost mutation: You are frail. (-10% HP) [potion of
                  | mutation]
 28335 | D:12     | Lost mutation: You have extremely sharp teeth. [potion of
                  | mutation]
 28335 | D:12     | Gained mutation: You have a pair of small horns on your
                  | head. [potion of mutation]
 28335 | D:12     | Gained mutation: You passively map a small area around you.
                  | [potion of mutation]
 28335 | D:12     | Gained mutation: You are robust. (+10% HP) [potion of
                  | mutation]
 28335 | D:12     | Gained mutation: Your muscles are strong. (Str +4, Int/Dex
                  | -1) [potion of mutation]
 28363 | D:12     | XOM: god gift: wand of flame (3)
 28527 | D:12     | XOM: summons 3 hostile shadow creatures
 28530 | D:12     | XOM: summons friendly ufetubus
 28538 | D:12     | XOM: confuse monster(s)
 28539 | D:12     | XOM: summons 5 friendly demons
 28932 | D:11     | XOM: swap monsters
 29094 | D:11     | XOM: cloud trail
 29103 | D:12     | XOM: scenery: summon butterflies
 29117 | D:12     | XOM: polymorph butterfly -> river rat
 29131 | D:12     | XOM: cast spell 'Summon Hydra'
 29197 | D:12     | XOM: give mutations
 29197 | D:12     | Gained mutation: You have large cloven feet. [Xom's grace]
 29197 | D:12     | Gained mutation: Your muscles are very strong. (Str +8,
                  | Int/Dex -2) [Xom's grace]
 29197 | D:12     | Gained mutation: You have supernaturally acute eyesight.
                  | (SInv) [Xom's grace]
 29321 | D:12     | XOM: swap monsters
 29324 | D:12     | Reached skill level 15 in Fighting
 29760 | D:12     | XOM: polymorph orc warrior -> glowing shapeshifter
 29768 | D:12     | XOM: scenery: 4 doors close
 30261 | D:12     | XOM: give mutation
 30261 | D:12     | Gained mutation: You are vulnerable to heat. (rF-) [Xom's
                  | mischief]
 30432 | D:13     | Reached skill level 1 in Maces & Flails
 30605 | D:13     | Reached XP level 15. HP: 97/141 MP: 18/18
 30695 | D:13     | XOM: stat loss: -1 Int (13/14)
 30716 | D:13     | XOM: scenery: summon butterflies
 30717 | D:13     | XOM: divination: detect items
 30771 | D:13     | XOM: god gift: 16 gold pieces
 30824 | D:13     | XOM: scenery: summon butterflies
 31113 | D:13     | Found a gate to the Vaults.
 31299 | D:13     | XOM: fake destruction
 31433 | D:13     | Reached skill level 5 in Maces & Flails
 31741 | D:14     | Noticed Frances
 31742 | D:14     | XOM: summons 8 friendly demons
 31751 | D:14     | Killed Frances
 32582 | Lair:4   | XOM: give mutation
 32582 | Lair:4   | Gained mutation: You have hoof-like feet. [Xom's grace]
 32650 | Lair:5   | XOM: polymorph basilisk -> acid dragon
 32655 | Lair:5   | XOM: confusion (+ monsters)
 32958 | Lair:5   | XOM: polymorph cane toad -> polar bear
 33054 | Lair:5   | Identified the +0 leather armour of Joifytru {Int+2 Dex+2}
 33060 | Lair:5   | XOM: confuse monster(s)
 33217 | Lair:5   | XOM: god gift: scroll of amnesia
 33319 | Lair:5   | Identified the +5 spear of the Firefly {drain, rF+ rN+
                  | Str+2}
 34192 | Lair:5   | Found a runed translucent door.
 34194 | Lair:5   | Noticed an acid blob
 34196 | Lair:5   | Found a staircase to the Slime Pits.
 34196 | Lair:5   | Noticed an acid blob
 34200 | Lair:5   | Killed an acid blob
 34206 | Lair:5   | XOM: noise
 34774 | D:15     | Entered Level 15 of the Dungeon
 34978 | D:15     | XOM: summons friendly quasit
 34985 | D:15     | XOM: swap monsters
 35252 | D:15     | Found a runed translucent door.
 35253 | D:15     | Noticed Zigma's ghost (journeyman DrSh)
 35255 | D:15     | Identified the +3 trident of the Blessed Realm {drain,
                  | *Noise *Slow Fly rElec}
 35255 | D:15     | Identified the amulet of Tymuihuq {RegenMP rPois Str+3
                  | Slay+3}
 35267 | D:15     | Found a bloodstained altar of Trog.
 35273 | D:15     | Reached skill level 10 in Maces & Flails
 35342 | D:15     | XOM: polymorph white ugly thing -> red ugly thing
 35511 | D:15     | XOM: scenery: summon butterflies
 35620 | D:15     | XOM: cleaving
 35624 | D:15     | XOM: scenery: 3 doors open, 1 doors close
 35716 | D:15     | Reached XP level 16. HP: 135/149 MP: 19/19
 35734 | D:15     | Found an ancient bone altar of Kikubaaqudgha.
 35893 | D:15     | XOM: 2-stop teleportation journey
 35931 | D:15     | XOM: scenery: 3 doors close
 35936 | D:15     | XOM: divination: magic mapping
 35963 | D:15     | XOM: smoke on damage
 35967 | D:15     | XOM: polymorph cyclops -> shapeshifter
 35968 | D:15     | XOM: fake destruction
 36210 | D:15     | XOM: summons 3 friendly demons
 36239 | D:15     | XOM: give mutations
 36239 | D:15     | Gained mutation: You have extremely sharp teeth. [Xom's
                  | grace]
 36239 | D:15     | Gained mutation: You possess an exceptional clarity of
                  | mind. [Xom's grace]
 36239 | D:15     | Gained mutation: Your system is resistant to poisons.
                  | (rPois) [Xom's grace]
 36369 | D:15     | XOM: destruction
 36441 | D:15     | XOM: cleaving
 36464 | D:15     | XOM: divination: magic mapping
 36544 | D:15     | Found a staircase to the Depths.
 36558 | D:15     | XOM: god gift: 2 darts of dispersal
 36584 | D:15     | XOM: summons 2 hostile demons
 36785 | D:15     | XOM: fog
 36793 | D:15     | XOM: confuse monster(s)
 36795 | D:15     | Killed Zigma's ghost
 36914 | D:15     | XOM: give mutations
 36914 | D:15     | Gained mutation: Your flesh is cold resistant. (rC+) [Xom's
                  | grace]
 36914 | D:15     | Lost mutation: You are vulnerable to heat. (rF-) [Xom's
                  | grace]
 36914 | D:15     | Gained mutation: Your flesh is heat resistant. (rF+) [Xom's
                  | grace]
 37119 | Vaults:5 | Identified the "Vasiu"
 37119 | Depths:2 | Identified the "Husalall"
 37119 | Depths:3 | Identified the of Focwia
 37119 | Elf:1    | Entered Level 1 of the Elven Halls
 37121 | Elf:1    | XOM: potion effect (curing)
 37129 | Orc:2    | XOM: potion effect (experience)
 37129 | Orc:2    | Reached skill level 10 in Necromancy
 37129 | Orc:2    | Gained mutation: You are surrounded by a strong repulsion
                  | field. (EV +4, RMsl) [demonic ancestry]
 37129 | Orc:2    | Reached XP level 17. HP: 44/147 MP: 20/20
 37510 | Orc:2    | XOM: divination: detect creatures
 37767 | Elf:1    | XOM: noise
 37811 | Elf:1    | XOM: cast spell 'Summon Small Mammal'
 37814 | Elf:1    | XOM: potion effect (might)
 37974 | Elf:1    | Paralysed by an air elemental for 1 turns
 38058 | Elf:1    | XOM: 3-stop teleportation journey
 38432 | Elf:1    | XOM: potion effect (curing)
 38432 | Elf:1    | Paralysed by an air elemental for 1 turns
 38436 | Elf:1    | Paralysed by an air elemental for 1 turns
 38442 | Elf:1    | Paralysed by an air elemental for 1 turns
 38442 | Elf:1    | Slain by a +2 antimagic halberd

Illustrated notes

Levels and vault maps discovered:
D:1:      mrwooster_arrival_statue, layout_rooms, chequers_decorated_corner
D:2:      layout_basic, minmay_snake_closets
D:3:      layout_rooms, grunt_qazlal_sundering
D:4:      layout_cave_pools, uniq_eustachio
D:5:      layout_gridville, minmay_temple_entry_junction_2, uniq_menkaure,
          uniq_edmund
D:6:      layout_loops_ring, dreamdust_princess_bridge,
          pf_guarded_unrand_woodcutter, uniq_grinder, uniq_prince_ribbit1
D:7:      layout_layer_cave
D:8:      layout_loops_ring, nicolae_overflow_squiral,
          erik_lair_orcish_takeover, special_room [special_room_orc],
          dreamdust_princess_corridor
D:9:      layout_grid_maze
D:10:     nicolae_hitomezashi [nicolae_hito_row, nicolae_hito_row,
          nicolae_hito_row, nicolae_hito_row, nicolae_hito_row,
          nicolae_hito_row, nicolae_hito_row, nicolae_hito_row,
          nicolae_hito_row, nicolae_hito_row, nicolae_hito_row,
          nicolae_hito_row, nicolae_hito_row, nicolae_hito_row,
          nicolae_hito_row, nicolae_hito_row, nicolae_hito_row,
          nicolae_hito_row], layout_long_grid, erik_orc_1,
          wad_floor_pattern_untrapped, fountainhead, nrook_uturn
D:11:     layout_long_grid, portal_ice_cave_entry_pillars_1,
          nicolae_twisty_statue_hallways, uniq_sonja
D:12:     layout_gridville, hellmonk_guarded_unrand_dark_maul
D:13:     layout_cave_pools, erik_vaults_2, serial_ice, serial_ice_i,
          serial_ice_e, serial_ice_h, serial_ice_g
D:14:     layout_irregular_city, uniq_frances
D:15:     grunt_enter_depths_magical_seal, layout_gridville,
          trog_three_pillars_becter, ebering_ghost_funeral_grove,
          corexii_checkpoint, roadster_capsule_ark_zombie
Lair:1:   layout_regular_city, serial_bayou_shore_b, grunt_megastairs_2,
          serial_bayou_shore_a, lemuel_fruit_fields
Lair:2:   layout_misc_corridors, ldierk_geyser, nicolae_quartered_pool_super,
          serial_bayou_lagoon_b, uniq_amaemon
Lair:3:   layout_layer_cave, elwin_shoals_entry_stream, dummy_snake_entry,
          hibernation_bobbens
Lair:4:   layout_gridlike, gammafunk_ghost_icy, nicolae_lair_yak_garden
Lair:5:   evilmike_catoblepas_cave, layout_regular_city, slime_entry_2,
          grunt_megastairs_3, infiniplex_staircase_pool
Orc:1:    cheibrodos_orc_arena, layout_caves, gammafunk_ghost_wrathful_warriors,
          hangedman_minor_magic
Orc:2:    grunt_orc_cross, layout_caves, nicolae_volcano_entry_s_turn,
          basic_altar
Elf:1:    layout_loops_corners, serial_shops,
          nicolae_shop_pleasant_corner_grove, minivault_28

Skill      XL: |  1  2  3  4  5  6  7  8  9 10 11 12 13 14 15 16 17 |
---------------+----------------------------------------------------+-----
Polearms       | 3 4 5 |  5.5
Dodging        | 1 2 3 4 5 6 7 8 |  8.5
Armour         | 2 3 4 6 7 8 10 11 13 | 13.1
Shields        | 1 2 3 |  3.4
Fighting       | 4 5 7 10 13 15 | 15.0
Axes           | 1 4 6 8 9 |  9.6
Evocations     | 1 3 |  3.0
Necromancy     | 2 4 5 7 8 9 10 | 10.7
Spellcasting   | 2 |  2.6
Maces & Flails | 2 10 12 13 | 13.3
Stealth        | |  0.8

Action                     |  1- 3 |  4- 6 |  7- 9 | 10-12 | 13-15 | 16-18 || total
---------------------------+-------+-------+-------+-------+-------+-------++-------
  Melee: Spear             |    99 |   184 |    32 |    31 |       |       ||   346
         Touch             |     8 |    31 |    51 |    52 |       |       ||   142
         Punch             |       |     2 |     4 |     2 |       |       ||     8
         Hand axe          |       |       |   239 |    62 |       |       ||   301
         Headbutt          |       |       |    67 |   160 |   219 |    20 ||   466
         Unarmed           |       |       |    11 |       |       |       ||    11
         War axe           |       |       |       |   179 |       |       ||   179
         Kick              |       |       |       |   141 |       |       ||   141
         Battleaxe         |       |       |       |   458 |   789 |       ||  1247
         Bite              |       |       |       |       |    99 |    10 ||   109
         Maul              |       |       |       |       |   210 |   140 ||   350
   Cast: Vampiric Draining |       |       |       |       |       |     4 ||     4
  Evoke: Wand              |       |     1 |    19 |     6 |    14 |     3 ||    43
    Use: Scroll            |       |     4 |     9 |     6 |    11 |     6 ||    36
         Potion            |       |     4 |     3 |     1 |     3 |       ||    11
   Stab: Sleeping          |     3 |       |       |       |       |       ||     3
         Invisible         |       |       |       |     2 |       |       ||     2
         Confused          |       |       |       |     3 |     4 |       ||     7
         Distracted        |       |       |       |     1 |     1 |       ||     2
 Armour: Leather armour    |    32 |       |       |       |       |       ||    32
         Plate armour      |     2 |   130 |   211 |   491 |  1102 |   238 ||  2174
         Skin              |       |       |    10 |       |       |       ||    10
  Dodge: Dodged            |    38 |    26 |   119 |   514 |  1377 |   288 ||  2362
         Repelled          |       |       |       |       |       |     6 ||     6
  Block: Other             |    12 |    27 |    41 |   129 |   252 |    39 ||   500

Table legend: (Time is in decaauts)
 A = Elapsed time spent in this place.
 B = Non-inter-level travel time spent in this place.
 C = Inter-level travel time spent in this place.
 D = Time resting spent in this place.
 E = Time spent auto-exploring this place.
 F = Levels seen in this place.
 G = Mean time per level.
                   A        B        C        D        E       F      G
               +--------+--------+--------+--------+--------+-----+--------+
         Total |  39329 |  37307 |   2022 |  11429 |  17295 |  25 | 1573.2 |
       Dungeon |  21755 |  20358 |   1397 |   5733 |  10122 |  15 | 1450.3 |
          Lair |   8885 |   8388 |    497 |   1907 |   4675 |   5 | 1777.0 |
  Orcish Mines |   5481 |   5354 |    127 |   2256 |   1557 |   2 | 2740.5 |
   Elven Halls |    849 |    849 |      0 |     46 |    538 |   1 |  849.0 |
         Abyss |      0 |      0 |      0 |      0 |      0 |   1 |    0.0 |
      Ice Cave |   2356 |   2356 |      0 |   1486 |    402 |   1 | 2356.0 |
               +--------+--------+--------+--------+--------+-----+--------+

Top non-repeatable levels by time:
   Orc:1: 2773 daAuts
   Orc:2: 2707 daAuts
    D:15: 2374 daAuts
  Lair:3: 2369 daAuts
   IceCv: 2356 daAuts
     D:6: 2175 daAuts
  Lair:5: 2147 daAuts
  Lair:4: 2082 daAuts
     D:9: 2010 daAuts
    D:11: 1918 daAuts
    D:12: 1903 daAuts
    D:10: 1762 daAuts
     D:8: 1603 daAuts
     D:5: 1477 daAuts
     D:7: 1361 daAuts
